 Dungeon Crawl Stone Soup version 0.27.1-1-g398f81649c (webtiles) character file.

Game seed: 17590722102679633178

327 nxtlvl the Cudgeller (level 6, 0/47 HPs)
             Began as a Formicid Monk on Sept 22, 2021.
             Slain by a kobold brigand (4 damage)
             ... in a sewer.
             The game lasted 00:19:06 (1646 turns).

nxtlvl the Cudgeller (Formicid Monk)                Turns: 1646, Time: 00:19:07

Health: 0/47       AC:  6    Str: 16    XL:     6   Next: 79%
Magic:  6/6        EV: 10    Int: 11    God:
Gold:   212        SH:  0    Dex: 13    Spells: 5/5 levels left

rFire    + . .     SeeInvis +   a - +0 mace
rCold    . . .     Faith    .   (no shield)
rNeg     . . .     Spirit   .   c - +0 scale mail
rPois    .         Reflect  .   (helmet unavailable)
rElec    .         Harm     .   (no cloak)
rCorr    .         Rampage  .   (no gloves)
Will     .....                  (no boots)
Stlth    +.........             (no amulet)
HPRegen  0.15/turn              m - ring of protection from fire
MPRegen  0.10/turn              (no ring)

@: no status effects
A: permanent stasis, dig shafts and tunnels, antennae 3, four strong arms
a: Dig


You were in a sewer.
You visited 1 branch of the dungeon, and saw 5 of its levels.
You also visited: Sewer.

You collected 212 gold pieces.

Inventory:

Hand Weapons
 a - a +0 mace (weapon)
 b - a +0 hunting sling
 A - a +4 short sword of venom
Missiles
 d - 8 sling bullets
 e - 13 poisoned darts (quivered)
 h - 25 arrows
Armour
 c - a +0 scale mail (worn)
Jewellery
 m - a ring of protection from fire (left hand)
Scrolls
 f - a scroll of vulnerability {unknown}
 g - 2 scrolls of noise {unknown}
 i - 4 scrolls of identify {unknown}
 j - a scroll of brand weapon {unknown}
 k - 3 scrolls of blinking {unknown}
 l - a scroll of enchant armour {unknown}
 o - a scroll of immolation {unknown}
 p - a scroll of enchant weapon {unknown}


   Skills:
 - Level 3.2 Fighting
 * Level 7.1 Maces & Flails
 - Level 2.6 Dodging
 - Level 2.4 Stealth


You had 5 spell levels left.
You didn't know any spells.
Your spell library was empty.

Dungeon Overview and Level Annotations

Branches:
Dungeon (5/15)              Sewer (1/1)
 Temple: D:4-7

Altars:

Annotations:
D:3 Grinder


Innate Abilities, Weirdness & Mutations

You cannot be hasted, slowed, berserked, paralysed or teleported.
You can dig through walls and to a lower floor.
You have a pair of large antennae on your head. (SInv)
Your four strong arms can wield two-handed weapons with a shield.


Message History

The kobold brigand hits you but does no damage.
The kobold brigand barely misses you.
You thump the kobold brigand!
The kobold brigand is severely wounded.
The kobold brigand splashes around in the water.
You hit the kobold brigand but do no damage.
The kobold brigand is severely wounded.
The kobold brigand hits you with a +0 dagger.
* * * LOW HITPOINT WARNING * * *
The kobold brigand hits you with a +0 dagger.
* * * LOW HITPOINT WARNING * * *
You hit the kobold brigand but do no damage.
The kobold brigand is severely wounded.
The kobold brigand hits you but does no damage.
You completely miss the kobold brigand.
The kobold brigand is severely wounded.
The kobold brigand splashes around in the water.
The kobold brigand hits you but does no damage.
You hit the kobold brigand.
The kobold brigand is severely wounded.
The kobold brigand hits you but does no damage.
You hit the kobold brigand but do no damage.
The kobold brigand is severely wounded.
The kobold brigand hits you with a +0 dagger.
* * * LOW HITPOINT WARNING * * *
The kobold brigand hits you with a +0 dagger.
* * * LOW HITPOINT WARNING * * *
You hit the kobold brigand but do no damage.
The kobold brigand is severely wounded.
The kobold brigand hits you with a +0 dagger.
* * * LOW HITPOINT WARNING * * *
The kobold brigand splashes around in the water.
You barely miss the kobold brigand.
The kobold brigand is severely wounded.
The kobold brigand splashes around in the water.
You miss the kobold brigand.
The kobold brigand is severely wounded.
The kobold brigand barely misses you.
The kobold brigand hits you with a +0 dagger.
You die...

# #.# #.# #.# ##.##
# ##..≈## #####
.####≈....# ≈≈≈≈≈
.≈≈≈≈≈K...# #####
... #..@(.# # ≈≈.
##≈..## #≈# ##(## {
#≈# #(# #≈# #)# {
#≈# #†# ##≈## ##)##
## ###≈≈.## ##...##
##≈##...≈.####≈.≈≈.#


You could see a kobold brigand (fast).

Vanquished Creatures
  A phantom (D:5)
  A water moccasin skeleton (D:5)
  A bullfrog skeleton (D:5)
  3 adders
  4 river rats
  2 ufetubi (D:4)
  An adder skeleton (D:4)
  4 worms
  3 dart slugs
  10 orcs
  A bat (D:2)
  6 endoplasms
  4 giant cockroaches
  6 goblins
  3 quokkas
  10 ball pythons
  A frilled lizard (D:1)
  9 kobolds
  11 rats
81 creatures vanquished.

Vanquished Creatures (others)
  4 withered plants (D:4)
4 creatures vanquished.

Grand Total: 85 creatures vanquished

Notes
Turn   | Place    | Note
-------+----------+-------------------------------------------
     0 | D:1      | nxtlvl the Formicid Monk began the quest for the Orb.
     0 | D:1      | Reached XP level 1. HP: 18/18 MP: 1/1
   106 | D:1      | Reached XP level 2. HP: 18/24 MP: 2/2
   311 | D:2      | Reached skill level 4 in Maces & Flails
   311 | D:2      | Reached XP level 3. HP: 16/29 MP: 3/3
   700 | D:3      | Reached XP level 4. HP: 22/35 MP: 4/4
   827 | D:3      | Noticed Grinder
   911 | D:4      | Reached skill level 5 in Maces & Flails
  1069 | D:4      | Noticed a black bear
  1100 | D:3      | You fall into a shaft and drop 2 floors!
  1100 | D:5      | Entered Level 5 of the Dungeon
  1115 | D:5      | Reached XP level 5. HP: 29/41 MP: 5/5
  1136 | D:5      | Reached skill level 6 in Maces & Flails
  1137 | D:5      | Reached XP level 6. HP: 20/47 MP: 6/6
  1269 | D:5      | Found a glowing drain.
  1276 | Sewer    | Entered a sewer
  1342 | Sewer    | Reached skill level 7 in Maces & Flails
  1646 | Sewer    | Slain by a kobold brigand

Illustrated notes

Levels and vault maps discovered:
D:1:      dpeg_arrival_prison, layout_basic, minmay_misc_feat_secret_circle
D:2:      layout_loops_ring, chequers_ecumenical_altar_twisty,
          wad_floor_pattern_1, minmay_three_crescents
D:3:      layout_loops_cross, mainiacjoe_overflow_tiny_flanked,
          ashenzari_conservatory_becter, uniq_grinder
D:4:      layout_loops_cross, mainiacjoe_overflow_brackets,
          kiku_gazebo_garden_becter, minmay_temple_entry_offerings,
          kennysheep_decorative_pillar, st_stairs_7
D:5:      layout_basic, overflow_temple_1_default, tgw_xom,
          lightli_sewer_entry_pipes, minmay_lizard_king
Sewer:    sewer_co_15_rooms

Skill      XL: |  1  2  3  4  5  6 |
---------------+-------------------+-----
Maces & Flails | 4 5 6 7 |  7.1
Fighting       | |  3.2
Dodging        | |  2.6
Stealth        | |  2.4

Action                   |  1- 3 |  4- 6 || total
-------------------------+-------+-------++-------
Melee: Mace              |    53 |   141 ||   194
 Fire: Hunting sling     |    27 |    49 ||    76
Throw: Dart              |    22 |    29 ||    51
 Abil: Dig               |     6 |     5 ||    11
       Shaft Self        |       |     1 ||     1
  Use: Potion            |       |     5 ||     5
 Stab: Sleeping          |     1 |       ||     1
Armor: Robe              |     4 |       ||     4
       Leather armour    |     2 |       ||     2
       Scale mail        |    10 |    50 ||    60
Dodge: Dodged            |    18 |    72 ||    90
